 Dungeon Crawl Stone Soup version 0.29.0-4-gdea44cf6ec (webtiles) character file.

Game seed: 15299628110499673126

131814 qw the Severer (level 17, -2/166 HPs)
             Began as a Gargoyle Berserker on Sept 8, 2022.
             Was an Elder of Trog.
             Succumbed to barbed spike wounds
             ... on level 3 of the Spider Nest.
             The game lasted 00:12:21 (33353 turns).

qw the Severer (Gargoyle Berserker)                Turns: 33353, Time: 00:12:22

Health: -2/166     AC: 37    Str: 38    XL:     17   Next: 11%
Magic:  0/17       EV: 12    Int:  9    God:    Trog [****..]
Gold:   1988       SH: 18    Dex:  9    Spells: 16/16 levels left

rFire   + . .      SeeInvis .   c - +9 broad axe (vorpal)
rCold   . . .      Faith    .   d - +0 tower shield
rNeg    + . .      Spirit   +   y - +2 plate armour {rF+}
rPois   inf        Reflect  .   t - +0 helmet
rElec   +          Harm     .   h - scarf {repulsion}
rCorr   .          Rampage  .   j - +2 pair of gloves
Will    ++...                   B - +0 pair of boots of Rogogija {Will+ Str+4}
Stlth   ..........              k - amulet of guardian spirit
HPRegen 0.37/turn               p - +6 ring of strength
MPRegen 0.15/turn               m - +4 ring of evasion

@: berserking (expiring), spiked, flying, repel missiles, very quick
A: sickness immunity, AC +12, big wings, negative energy resistance 1,
electricity resistance, torment resistance 1, petrification resistance
a: Renounce Religion, Berserk, Trog's Hand, Brothers in Arms


You were on level 3 of the Spider Nest.
You worshipped Trog.
Trog was greatly pleased with you.
You visited 4 branches of the dungeon, and saw 25 of its levels.

You collected 3165 gold pieces.
You spent 1177 gold pieces at shops.


Innate Abilities, Weirdness & Mutations

You are immune to sickness and miasma.
Your stone body is resilient. (AC +12)
You are immune to poison.
Your large and strong wings let you fly.
You resist negative energy. (rN+)
You are resistant to electric shocks. (rElec)
You are resistant to unholy torment.
You are immune to petrification.


   Skills:
 - Level 14.0 Fighting
 - Level 18.0 Axes
 - Level 4.1 Throwing
 - Level 12.6 Armour
 - Level 5.0 Dodging
 + Level 16.3 Shields


You had 16 spell levels left.
You didn't know any spells.
Your spell library was empty.

Inventory:

Hand Weapons
 c - a +9 vorpal broad axe (weapon)
 v - a +0 morningstar
Missiles
 f - 16 boomerangs (quivered)
Armour
 d - a +0 tower shield (worn)
 h - a scarf of repulsion (worn)
 j - a +2 pair of gloves (worn)
 r - the +2 pair of boots of the Moon {-Tele Fly Regen+ SInv}
   (You found it on level 5 of the Lair of Beasts)

   SInv:      It lets you see invisible.
   Fly:       It grants you flight.
   -Tele:     It prevents most forms of teleportation.
   Regen:     It increases your rate of health regeneration.
 t - a +0 helmet (worn)
 y - a +2 plate armour of fire resistance (worn)
 z - a +0 cloak
 B - the +0 pair of boots of Rogogija (worn) {Will+ Str+4}
   (You bought it in a shop on level 2 of the Orcish Mines)

   Str:       It affects your strength (+4).
   Will:      It increases your willpower.
Jewellery
 k - an amulet of guardian spirit (around neck)
 m - a +4 ring of evasion (right hand)
 p - a +6 ring of strength (left hand)
Scrolls
 a - 15 scrolls of identify
 i - 9 scrolls of teleportation
 C - a scroll of enchant weapon
Potions
 b - 3 potions of heal wounds
 g - 6 potions of mutation
 o - 4 potions of might
 q - 7 potions of haste
 s - a potion of cancellation
 u - 3 potions of resistance
 x - 3 potions of curing

Dungeon Overview and Level Annotations

Branches:
Dungeon (15/15)            Temple (0/1) D:6            Lair (5/5) D:10
 Shoals (0/4) Lair:2       Spider (3/4) Lair:2        Slime (0/5) Lair:5
    Orc (2/2) D:10            Elf (0/3) Orc:2        Vaults (0/5) D:14
 Depths (0/4) D:15

Altars:
Dithmenos
Elyvilon
Hepliaklqana
Makhleb
Qazlal
Sif Muna
Trog
Uskayaw
Vehumet
Xom
Yredelemnul
Zin
Jiyva

Shops:
D:7 :   D:13 [   Orc:2 *[(!**

Annotations:
D:3 3 runed translucent doors, qw's ghost, amateur GrFi
D:11 3 runed translucent doors
D:14 2 transporters, Laowois's ghost, journeyman MiBe
D:15 1 runed translucent door, Mic Tada's ghost, journeyman MiFi
Orc:2 3 runed translucent doors, qw's ghost, journeyman GrBe


Message History

You block the wolf spider zombie's attack.
You block the redback simulacrum's attack.
The steelbarb worm hits you but does no damage.
You chop the wolf spider zombie into pieces!!!
You destroy the wolf spider zombie!
Trog accepts your kill.
You can now call in reinforcements.
You completely miss the redback simulacrum.
You slash the culicivora simulacrum! You slice the steelbarb worm!!
You kill the steelbarb worm!
Trog accepts your kill.
You slice the wolf spider simulacrum!!
A steelbarb worm comes into view.
The culicivora simulacrum bites you but does no damage.
The wolf spider simulacrum hits you but does no damage.
You block the wolf spider simulacrum's attack.
You slash the wolf spider simulacrum!
The wolf spider simulacrum vaporises!
You hit the tarantella simulacrum.
You open the culicivora simulacrum like a pillowcase!!!
The culicivora simulacrum vaporises!
You slice the redback simulacrum!!
The redback simulacrum vaporises!
Your ogre hits the tarantella simulacrum with a +0 giant spiked club.
You block the tarantella simulacrum's attack.
You slash the tarantella simulacrum!
The tarantella simulacrum vaporises!
The jumping spider's soul is no longer bound.
You carve the wolf spider simulacrum like a ham!!!
The wolf spider simulacrum vaporises!
Trog accepts your kill.
The orb spider weaves a glowing orb of energy.
Your ogre is engulfed in freezing vapours.
The jumping spider leaps!
An orb of destruction comes into view.
The barbs in your skin will harm you if you move.
Continue?
The barbed spikes dig painfully into your body as you move.
Your ogre is engulfed in freezing vapours.
You see here a steelbarb worm corpse.
The barbed spikes dig painfully into your body as you move.
You die...

##......##
##........##
##..s.......##
##............##
##..............##
#.......)........#
#................##
#...........s.....#
##...........*@....#
#.^..%<......%O....#
.......^...w..0.0...#
..#............00..##
. ##...............#
#...[.........###
.#....^......##
.###........### ..
#####<..##


You could see a steelbarb worm, an orb spider (ally target), a jumping spider
and a friendly ogre (summoned, berserk).

Vanquished Creatures
  Rupert (Lair:4)
  Asterion (Spider:2)
  Frances (D:14)
  A ghost moth (Spider:2)
  An orc warlord (Orc:1)
  A broodmother (Spider:1)
  Nessos (D:13)
  4 entropy weavers
  An ogre mage (D:15)
  4 hydras
  6 boulder beetles
  2 vault guards (D:14)
  2 radroaches
  A death knight (D:15)
  A catoblepas (Lair:5)
  6 centaur warriors
  6 two-headed ogres
  4 tengu warriors
  A vampire mage (D:15)
  6 orc high priests
  6 death yaks
  A deep elf knight (Orc:1)
  A sun moth (Spider:3)
  4 skeletal warriors
  4 pharaoh ants
  A steelbarb worm (Spider:3)
  An orb spider (Spider:2)
  7 orc knights
  A lindwurm (Lair:5)
  2 wizards
  A wolf spider zombie (Spider:3)
  4 necromancers
  4 deep elf pyromancers
  8 wolf spiders
  8 ugly things
  3 deep elf zephyrmancers (Orc:1)
  6 cyclopes
  A moth of wrath (Spider:1)
  An orc sorcerer (Orc:1)
  A manticore (D:14)
  A manticore (shapeshifter) (D:13)
  4 centaur zombies (D:10)
  A frost giant skeleton (D:15)
  3 black mambas
  12 elephants
  Maurice (D:13)
  10 cane toads
  4 demonic crawlers
  2 rime drakes
  2 torpor snails
  2 unseen horror zombies (D:10)
  3 kobold demonologists
  A spriggan zombie (D:15)
  6 komodo dragons
  An unseen horror (D:11)
  A burning bush (Lair:5)
  4 trolls
  3 polar bears
  A guardian mummy (D:15)
  3 meliai (Spider:1)
  A wolf spider simulacrum (Spider:3)
  5 tarantellas
  Grinder (D:3)
  4 hornets
  6 slime creatures
  Prince Ribbit (D:5)
  2 dream sheep (Lair:5)
  13 blink frogs
  26 jumping spiders
  7 culicivoras
  12 spriggans (Lair:5)
  3 shadows
  9 wraiths
  31 yaks
  2 vampires (D:11)
  3 water elementals (D:14)
  4 wyverns
  5 basilisks
  23 redbacks
  A basilisk (shapeshifter) (D:13)
  19 humans (D:14)
  A fire elemental (Lair:3)
  A steam dragon (Lair:3)
  8 vampire mosquitoes
  4 wargs
  A tengu zombie (D:15)
  A glowing shapeshifter zombie (D:15)
  2 acid dragons
  11 water moccasins
  An ice beast (D:7)
  41 orc warriors
  6 black bears
  2 sky beasts
  5 ogres
  5 boggarts (Lair:5)
  8 centaurs
  35 wolves
  A phantom (D:7)
  2 kobold brigands
  4 scorpions
  A gnoll sergeant (D:7)
  7 bullfrogs
  7 necrophages
  15 wights
  11 killer bees
  7 electric eels
  12 howler monkeys
  2 hounds (D:5)
  31 orc priests
  4 jellies
  A human zombie (D:10)
  4 iguanas
  Terence (D:3)
  7 hell rats
  27 orc wizards
  A mummy (D:10)
  2 howler monkey zombies (D:10)
  7 adders
  4 gnolls (D:4)
  A river rat (D:10)
  2 shadow imps
  3 white imps (D:7)
  An ufetubus (D:6)
  2 worms
  A dart slug (D:4)
  98 orcs
  3 ball pythons
  3 endoplasms
  8 giant cockroaches
  4 hobgoblins
  9 jackals
  6 quokkas
  11 bats
  A frilled lizard (D:3)
  13 goblins
  13 kobolds
  5 rats
  A spectral orc (D:10)
834 creatures vanquished.

Vanquished Creatures (collateral kills)
  Josephine (D:14)
  An ice dragon (Lair:1)
  2 hydras
  3 death yaks (D:10)
  A skeletal warrior (D:14)
  2 orb spiders
  A wolf spider (Spider:3)
  An ugly thing (D:14)
  An orc knight (Orc:2)
  A cane toad (Lair:2)
  A troll (D:14)
  A slime creature (D:14)
  A yak (Lair:2)
  An orc priest (Orc:2)
  2 river rats (D:10)
  An orc (Orc:2)
  2 rats (D:10)
23 creatures vanquished.

Vanquished Creatures (others)
  An orc (D:6)
  A bush (D:7)
  A fire vortex (Lair:3)
  22 fungi
  38 plants
  5 withered plants (D:15)
68 creatures vanquished.

Grand Total: 925 creatures vanquished

Notes
Turn   | Place    | Note
-------+----------+-------------------------------------------
     0 | D:1      | qw the Gargoyle Berserker began the quest for the Orb.
     0 | D:1      | Reached XP level 1. HP: 14/14 MP: 1/1
     0 | D:1      | 0 ||| qw: Version: 0.1-a-111-g1c1fd2e
     0 | D:1      | 0 ||| qw: Game counter: 6607
     0 | D:1      | 0 ||| qw: Always use a shield: true
     0 | D:1      | 0 ||| qw: Do Orc after D:15 true
     0 | D:1      | 0 ||| qw: Do second Lair branch before Depths: true
     0 | D:1      | 0 ||| qw: Lair rune preference: random
     0 | D:1      | 0 ||| qw: Plans: Normal
     0 | D:1      | 0 ||| PLANNING D:1-11
   177 | D:1      | Reached skill level 3 in Axes
   387 | D:1      | Found a faded altar of an unknown god.
   483 | D:1      | Reached XP level 2. HP: 15/19 MP: 2/2
   489 | D:1      | 489 ||| INVOKING Berserk.
   907 | D:1      | 907 ||| DROPPING +0 club.
  1258 | D:1      | Reached ** piety under Trog
  1292 | D:1      | 1292 ||| UPGRADING to +0 ring mail.
  1302 | D:1      | 1302 ||| DROPPING +0 animal skin.
  1303 | D:1      | 1303 ||| UPGRADING to +0 chain mail.
  1313 | D:1      | 1313 ||| DROPPING +0 ring mail.
  1314 | D:1      | 1314 ||| READING 2 scrolls labelled AROMNOE QILO.
  1315 | D:1      | 1315 ||| DROPPING scroll of fog.
  1350 | D:2      | 1350 ||| INVOKING Berserk.
  1356 | D:2      | Reached XP level 3. HP: 23/23 MP: 3/3
  1605 | D:2      | Reached skill level 4 in Axes
  1707 | D:2      | 1707 ||| Stepping ~*~*~tactically~*~*~ (stealth).
  1708 | D:2      | 1708 ||| Stepping ~*~*~tactically~*~*~ (stealth).
  1921 | D:2      | 1921 ||| INVOKING Berserk.
  2147 | D:2      | 2147 ||| READING 7 scrolls labelled ZICKOGRITHA.
  2148 | D:2      | 2148 ||| READING scroll labelled XELISA JINIVEW.
  2149 | D:2      | 2149 ||| READING scroll labelled DELOGYDEKK.
  2150 | D:2      | 2150 ||| READING 2 scrolls labelled DINTIMNE SARRI.
  2154 | D:2      | 2154 ||| READING scroll labelled NYVVEH BOSM.
  2206 | D:2      | 2206 ||| DRINKING 2 viscous amethyst potions.
  2207 | D:2      | 2207 ||| READING 6 scrolls of identify.
  2207 | D:2      | 2207 ||| IDENTIFYING amethyst potion
  2208 | D:2      | 2208 ||| READING 5 scrolls of identify.
  2208 | D:2      | 2208 ||| IDENTIFYING bubbling dark potion
  2209 | D:2      | 2209 ||| DROPPING potion of degeneration.
  2243 | D:3      | Noticed qw's ghost (amateur GrFi)
  2246 | D:3      | Found a runed translucent gate.
  2247 | D:3      | Found a runed translucent gate.
  2247 | D:3      | Found a runed translucent gate.
  2386 | D:3      | Reached XP level 4. HP: 28/28 MP: 4/4
  2443 | D:3      | Noticed Grinder
  2444 | D:3      | 2444 ||| INVOKING Trog's Hand.
  2447 | D:3      | 2447 ||| INVOKING Berserk.
  2455 | D:3      | Paralysed by Grinder for 3 turns
  2458 | D:3      | 2458 ||| INVOKING Trog's Hand.
  2462 | D:3      | Paralysed by Grinder for 4 turns
  2474 | D:3      | 2474 ||| INVOKING Trog's Hand.
  2476 | D:3      | 2476 ||| FLEEEEING.
  2477 | D:3      | 2477 ||| FLEEEEING.
  2478 | D:3      | 2478 ||| FLEEEEING.
  2479 | D:3      | 2479 ||| FLEEEEING.
  2480 | D:3      | 2480 ||| FLEEEEING.
  2481 | D:3      | 2481 ||| FLEEEEING.
  2484 | D:3      | 2484 ||| INVOKING Berserk.
  2494 | D:3      | 2494 ||| INVOKING Trog's Hand.
  2503 | D:3      | HP: 7/28 [Grinder/nerve-wracking pain (3)]
  2504 | D:3      | 2504 ||| READING scroll of teleportation.
  2515 | D:3      | Paralysed by Grinder for 4 turns
  2521 | D:3      | HP: 7/28 [Grinder (2)]
  2521 | D:3      | HP: 1/28 [Grinder/nerve-wracking pain (6)]
  2523 | D:3      | Killed Grinder
  2524 | D:3      | Reached skill level 6 in Axes
  2524 | D:3      | Reached XP level 5. HP: 2/32 MP: 5/5
  2524 | D:3      | Reached XP level 6. HP: 2/37 MP: 6/6
  2826 | D:3      | Noticed Terence
  2831 | D:3      | 2831 ||| INVOKING Berserk.
  2836 | D:3      | Killed Terence
  2954 | D:3      | You fall into a shaft and drop 1 floor!
  3001 | D:4      | 3001 ||| Stepping ~*~*~tactically~*~*~ (stealth).
  3107 | D:4      | 3107 ||| INVOKING Berserk.
  3121 | D:4      | HP: 7/38 [gnoll/+0 halberd (4)]
  3126 | D:4      | HP: 4/38 [gnoll/+0 spear (1)]
  3135 | D:4      | 3135 ||| Stepping ~*~*~tactically~*~*~ (stealth).
  3157 | D:4      | 3157 ||| Stepping ~*~*~tactically~*~*~ (stealth).
  3158 | D:4      | 3158 ||| Stepping ~*~*~tactically~*~*~ (stealth).
  3168 | D:4      | 3168 ||| INVOKING Berserk.
  3415 | D:4      | 3415 ||| DROPPING +0 mace.
  3535 | D:4      | 3535 ||| Stepping ~*~*~tactically~*~*~ (stealth).
  3537 | D:4      | 3537 ||| Stepping ~*~*~tactically~*~*~ (stealth).
  3544 | D:4      | 3544 ||| Stepping ~*~*~tactically~*~*~ (hiding).
  3545 | D:4      | 3545 ||| Stepping ~*~*~tactically~*~*~ (hiding).
  3748 | D:4      | 3748 ||| Stepping ~*~*~tactically~*~*~ (stealth).
  3749 | D:4      | 3749 ||| UPGRADING to scarf of repulsion.
  3754 | D:4      | 3754 ||| READING 10 scrolls of identify.
  3754 | D:4      | 3754 ||| IDENTIFYING sapphire potion
  3755 | D:4      | 3755 ||| READING 9 scrolls of identify.
  3755 | D:4      | 3755 ||| IDENTIFYING brown potion
  3756 | D:4      | 3756 ||| DROPPING potion of flight.
  3757 | D:4      | 3757 ||| Stepping ~*~*~tactically~*~*~ (stealth).
  4322 | D:3      | 4322 ||| UPGRADING to +6 ring of dexterity.
  4323 | D:3      | 4323 ||| READING scroll labelled XUVVIU XUCSE.
  4498 | D:4      | Found a glowing silver altar of Zin.
  4603 | D:4      | 4603 ||| Stepping ~*~*~tactically~*~*~ (hiding).
  4606 | D:4      | 4606 ||| Stepping ~*~*~tactically~*~*~ (hiding).
  4609 | D:4      | 4609 ||| INVOKING Berserk.
  4612 | D:4      | Reached XP level 7. HP: 43/43 MP: 7/7
  4670 | D:4      | 4670 ||| Stepping ~*~*~tactically~*~*~ (stealth).
  4680 | D:4      | 4680 ||| Stepping ~*~*~tactically~*~*~ (hiding).
  4681 | D:4      | 4681 ||| Stepping ~*~*~tactically~*~*~ (hiding).
  4685 | D:4      | 4685 ||| INVOKING Berserk.
  4969 | D:4      | 4969 ||| SWAPPING to +0 war axe.
  4970 | D:4      | 4970 ||| DROPPING +1 hand axe.
  4993 | D:5      | Entered Level 5 of the Dungeon
  4994 | D:5      | 4994 ||| PLANNING SEWER
  4994 | D:5      | 4994 ||| STAIRDANCE
  4996 | D:4      | 4996 ||| INVOKING Berserk.
  5066 | D:5      | 5066 ||| STAIRDANCE
  5072 | D:4      | 5072 ||| UPGRADING to +3 chain mail.
  5082 | D:4      | 5082 ||| DROPPING +0 chain mail.
  5089 | D:5      | 5089 ||| DRINKING 2 potions of curing.
  5089 | D:5      | 5089 ||| (to cure confusion)
  5092 | D:5      | 5092 ||| DRINKING potion of curing.
  5092 | D:5      | 5092 ||| (to cure confusion)
  5096 | D:5      | Reached skill level 1 in Throwing
  5167 | D:5      | 5167 ||| SWAPPING to +1 vorpal war axe.
  5168 | D:5      | 5168 ||| DROPPING +0 war axe.
  5188 | D:5      | Reached skill level 7 in Axes
  5203 | D:5      | Noticed Prince Ribbit
  5205 | D:5      | 5205 ||| INVOKING Berserk.
  5211 | D:5      | Killed Prince Ribbit
  5437 | D:5      | Reached XP level 8. HP: 50/50 MP: 8/8
  5445 | D:5      | Reached skill level 3 in Armour
  5464 | D:5      | 5464 ||| Stepping ~*~*~tactically~*~*~ (stealth).
  5466 | D:5      | 5466 ||| Stepping ~*~*~tactically~*~*~ (hiding).
  5467 | D:5      | 5467 ||| Stepping ~*~*~tactically~*~*~ (hiding).
  5609 | D:5      | 5609 ||| Stepping ~*~*~tactically~*~*~ (hiding).
  5613 | D:5      | 5613 ||| INVOKING Berserk.
  5738 | D:5      | 5738 ||| RIP SEWER
  5739 | D:5      | 5739 ||| PLANNING D:1-11
  6100 | D:5      | 6100 ||| UPGRADING to +4 ring of evasion.
  6101 | D:5      | 6101 ||| READING 8 scrolls of identify.
  6101 | D:5      | 6101 ||| IDENTIFYING metallic black potion
  6102 | D:5      | 6102 ||| DROPPING potion of brilliance.
  6206 | D:6      | Reached skill level 8 in Axes
  6234 | D:6      | Found a shimmering blue altar of Sif Muna.
  6256 | D:6      | 6256 ||| Stepping ~*~*~tactically~*~*~ (stealth).
  6259 | D:6      | Found a bloodstained altar of Trog.
  6261 | D:6      | 6261 ||| INVOKING Berserk.
  6267 | D:6      | Reached skill level 6 in Fighting
  6414 | D:6      | Reached *** piety under Trog
  6446 | D:6      | Found a staircase to the Ecumenical Temple.
  6463 | D:6      | 6463 ||| Stepping ~*~*~tactically~*~*~ (hiding).
  6470 | D:6      | 6470 ||| Stepping ~*~*~tactically~*~*~ (stealth).
  6474 | D:6      | 6474 ||| INVOKING Berserk.
  6895 | D:6      | 6895 ||| Stepping ~*~*~tactically~*~*~ (hiding).
  6899 | D:6      | 6899 ||| INVOKING Berserk.
  6908 | D:6      | Reached XP level 9. HP: 55/55 MP: 9/9
  6925 | D:6      | 6925 ||| Stepping ~*~*~tactically~*~*~ (stealth).
  6941 | D:6      | Reached skill level 9 in Axes
  6992 | D:6      | 6992 ||| INVOKING Berserk.
  7185 | D:6      | 7185 ||| INVOKING Berserk.
  7488 | D:6      | 7488 ||| UPGRADING to +0 pair of gloves.
  7493 | D:6      | 7493 ||| DROPPING +6 ring of intelligence.
  7494 | D:6      | 7494 ||| READING scroll labelled WUSIT MUOTZE.
  7526 | D:7      | 7526 ||| Stepping ~*~*~tactically~*~*~ (stealth).
  7527 | D:7      | 7527 ||| Stepping ~*~*~tactically~*~*~ (stealth).
  7528 | D:7      | 7528 ||| Stepping ~*~*~tactically~*~*~ (stealth).
  7529 | D:7      | 7529 ||| Stepping ~*~*~tactically~*~*~ (stealth).
  7530 | D:7      | 7530 ||| Stepping ~*~*~tactically~*~*~ (stealth).
  7579 | D:7      | 7579 ||| INVOKING Berserk.
  7658 | D:7      | Found Moclij Zudic's Book Shoppe.
  7750 | D:7      | 7750 ||| INVOKING Berserk.
  7775 | D:7      | 7775 ||| Stepping ~*~*~tactically~*~*~ (stealth).
  7789 | D:7      | 7789 ||| FLEEEEING.
  7790 | D:7      | 7790 ||| FLEEEEING.
  7797 | D:7      | 7797 ||| Stepping ~*~*~tactically~*~*~ (stealth).
  7803 | D:7      | 7803 ||| Stepping ~*~*~tactically~*~*~ (stealth).
  7826 | D:7      | 7826 ||| Stepping ~*~*~tactically~*~*~ (hiding).
  7898 | D:7      | 7898 ||| READING scroll of enchant weapon.
  7898 | D:7      | 7898 ||| ENCHANTING +1 vorpal war axe.
  7920 | D:7      | 7920 ||| INVOKING Berserk.
  8045 | D:7      | 8045 ||| Stepping ~*~*~tactically~*~*~ (hiding).
  8242 | D:7      | Found a radiant altar of Vehumet.
  8246 | D:7      | Found a hide-covered altar of Uskayaw.
  8250 | D:7      | Found a shimmering altar of Xom.
  8322 | D:7      | Reached skill level 10 in Axes
  8691 | D:7      | 8691 ||| UPGRADING to +0 pair of boots.
  8696 | D:7      | 8696 ||| UPGRADING to +0 plate armour.
  8706 | D:7      | 8706 ||| DROPPING +3 chain mail.
  8707 | D:7      | 8707 ||| UPGRADING to amulet of guardian spirit.
  9023 | D:8      | 9023 ||| INVOKING Berserk.
  9035 | D:8      | Reached skill level 6 in Armour
  9145 | D:8      | 9145 ||| INVOKING Berserk.
  9445 | D:8      | 9445 ||| READING scroll of enchant weapon.
  9445 | D:8      | 9445 ||| ENCHANTING +2 vorpal war axe.
  9514 | D:8      | 9514 ||| Stepping ~*~*~tactically~*~*~ (hiding).
  9519 | D:8      | 9519 ||| Stepping ~*~*~tactically~*~*~ (stealth).
  9533 | D:8      | Reached XP level 10. HP: 59/64 MP: 10/10
  9545 | D:8      | Reached **** piety under Trog
  9877 | D:8      | 9877 ||| READING 9 scrolls of identify.
  9877 | D:8      | 9877 ||| IDENTIFYING green potion
  9878 | D:8      | 9878 ||| READING 8 scrolls of identify.
  9878 | D:8      | 9878 ||| IDENTIFYING viscous black potion
  9879 | D:8      | 9879 ||| READING 7 scrolls of identify.
  9879 | D:8      | 9879 ||| IDENTIFYING viscous orange potion
  9880 | D:8      | 9880 ||| DROPPING potion of magic.
  9881 | D:8      | 9881 ||| DROPPING potion of lignification.
  9971 | D:7      | 9971 ||| Stepping ~*~*~tactically~*~*~ (stealth).
  9977 | D:7      | Noticed a centaur warrior
  9979 | D:7      | Noticed a green ugly thing
  9979 | D:7      | Noticed a boulder beetle
  9979 | D:7      | Noticed a kobold demonologist
  9983 | D:7      | Noticed a sixfirhy
  9984 | D:7      | Noticed a smoke demon
  9984 | D:7      | 9984 ||| INVOKING Berserk.
  9989 | D:7      | Killed a centaur warrior
  9997 | D:7      | Reached skill level 11 in Axes
 10005 | D:7      | Killed a green ugly thing
 10007 | D:7      | Noticed a smoke demon
 10008 | D:7      | Killed a kobold demonologist
 10009 | D:7      | Reached skill level 9 in Fighting
 10015 | D:7      | Killed a boulder beetle
 10209 | D:7      | 10209 ||| INVOKING Berserk.
 10388 | D:7      | Reached XP level 11. HP: 65/71 MP: 9/11
 10421 | D:7      | 10421 ||| UPGRADING to +0 kite shield.
 10466 | D:9      | Reached skill level 1 in Shields
 10487 | D:9      | Reached skill level 3 in Shields
 10687 | D:9      | 10687 ||| Stepping ~*~*~tactically~*~*~ (hiding).
 10699 | D:9      | 10699 ||| Stepping ~*~*~tactically~*~*~ (hiding).
 10704 | D:9      | 10704 ||| INVOKING Berserk.
 10716 | D:9      | 10716 ||| DRINKING potion of curing.
 10716 | D:9      | 10716 ||| (to cure confusion)
 10766 | D:9      | 10766 ||| FLEEEEING.
 10767 | D:9      | 10767 ||| FLEEEEING.
 10768 | D:9      | 10768 ||| FLEEEEING.
 10769 | D:9      | 10769 ||| FLEEEEING.
 10770 | D:9      | 10770 ||| FLEEEEING.
 10771 | D:9      | 10771 ||| FLEEEEING.
 10773 | D:9      | 10773 ||| FLEEEEING.
 10774 | D:9      | 10774 ||| FLEEEEING.
 10777 | D:9      | 10777 ||| FLEEEEING.
 10778 | D:9      | 10778 ||| FLEEEEING.
 10779 | D:9      | 10779 ||| FLEEEEING.
 10780 | D:9      | 10780 ||| FLEEEEING.
 10781 | D:9      | 10781 ||| FLEEEEING.
 10782 | D:9      | 10782 ||| FLEEEEING.
 10783 | D:9      | 10783 ||| FLEEEEING.
 10784 | D:9      | 10784 ||| FLEEEEING.
 10785 | D:9      | 10785 ||| FLEEEEING.
 10800 | D:9      | 10800 ||| Stepping ~*~*~tactically~*~*~ (hiding).
 10943 | D:9      | 10943 ||| Stepping ~*~*~tactically~*~*~ (water).
 10944 | D:9      | 10944 ||| INVOKING Berserk.
 11130 | D:9      | 11130 ||| Stepping ~*~*~tactically~*~*~ (hiding).
 11131 | D:9      | 11131 ||| Stepping ~*~*~tactically~*~*~ (hiding).
 11134 | D:9      | 11134 ||| Stepping ~*~*~tactically~*~*~ (hiding).
 11259 | D:9      | 11259 ||| Stepping ~*~*~tactically~*~*~ (stealth).
 11268 | D:9      | 11268 ||| Stepping ~*~*~tactically~*~*~ (stealth).
 11277 | D:9      | 11277 ||| Stepping ~*~*~tactically~*~*~ (stealth).
 11295 | D:9      | 11295 ||| INVOKING Berserk.
 11310 | D:9      | Reached ***** piety under Trog
 11328 | D:9      | 11328 ||| Stepping ~*~*~tactically~*~*~ (stealth).
 11602 | D:9      | Found a stormy altar of Qazlal.
 11815 | D:9      | 11815 ||| READING scroll labelled SYMOTIPAOSUSK.
 11816 | D:9      | 11816 ||| READING 7 scrolls of identify.
 11816 | D:9      | 11816 ||| IDENTIFYING coppery potion
 11817 | D:9      | 11817 ||| READING 6 scrolls of identify.
 11817 | D:9      | 11817 ||| IDENTIFYING gluggy clear potion
 11818 | D:9      | 11818 ||| READING 5 scrolls of identify.
 11818 | D:9      | 11818 ||| IDENTIFYING smoky amethyst potion
 11819 | D:9      | 11819 ||| READING 4 scrolls of identify.
 11819 | D:9      | 11819 ||| IDENTIFYING orange potion
 11820 | D:9      | 11820 ||| DROPPING potion of ambrosia.
 11821 | D:9      | 11821 ||| DROPPING potion of attraction.
 11848 | D:10     | Entered Level 10 of the Dungeon
 11851 | D:10     | Noticed a death yak
 11852 | D:10     | 11852 ||| INVOKING Brothers in Arms.
 11853 | D:10     | 11853 ||| INVOKING Brothers in Arms.
 11855 | D:10     | 11855 ||| INVOKING Berserk.
 11859 | D:10     | Killed a death yak
 11859 | D:10     | Noticed a death yak
 11859 | D:10     | Noticed a death yak
 11860 | D:10     | Reached skill level 6 in Shields
 11861 | D:10     | Found a staircase to the Lair.
 11868 | D:10     | Killed a death yak
 11874 | D:10     | Killed a death yak
 12165 | D:10     | Found a shadowy altar of Dithmenos.
 12192 | D:10     | 12192 ||| INVOKING Berserk.
 12198 | D:10     | Reached skill level 9 in Shields
 12320 | D:10     | 12320 ||| INVOKING Berserk.
 12476 | D:10     | Found a white marble altar of Elyvilon.
 12480 | D:10     | 12480 ||| INVOKING Berserk.
 12635 | D:10     | 12635 ||| DROPPING +2 vorpal flail.
 12639 | D:10     | 12639 ||| Stepping ~*~*~tactically~*~*~ (hiding).
 12641 | D:10     | 12641 ||| Stepping ~*~*~tactically~*~*~ (hiding).
 12643 | D:10     | 12643 ||| Stepping ~*~*~tactically~*~*~ (hiding).
 12697 | D:10     | 12697 ||| Stepping ~*~*~tactically~*~*~ (water).
 12743 | D:10     | 12743 ||| INVOKING Berserk.
 12844 | D:10     | Found a staircase to the Orcish Mines.
 12934 | D:10     | Reached XP level 12. HP: 65/76 MP: 8/12
 12980 | D:10     | Found a basalt altar of Yredelemnul.
 13040 | D:10     | Reached skill level 12 in Axes
 13227 | D:10     | Found a burning altar of Makhleb.
 13420 | D:10     | Found a hazy altar of Hepliaklqana.
 13596 | D:10     | 13596 ||| PLANNING LAIR
 13596 | D:10     | 13596 ||| UPGRADING to +0 helmet.
 13601 | D:10     | 13601 ||| READING 2 scrolls labelled EKHE BISAMMO.
 13602 | D:10     | 13602 ||| READING scroll labelled ATEOWK TOOTSIV.
 13603 | D:10     | 13603 ||| READING scroll labelled IRUIBLOA ODWU.
 13604 | D:10     | 13604 ||| READING 3 scrolls of identify.
 13604 | D:10     | 13604 ||| IDENTIFYING viscous emerald potion
 13605 | D:10     | 13605 ||| DROPPING scroll of noise.
 13654 | Lair:1   | Entered Level 1 of the Lair of Beasts
 13663 | Lair:1   | Reached skill level 3 in Dodging
 13681 | Lair:1   | 13681 ||| Stepping ~*~*~tactically~*~*~ (stealth).
 13693 | Lair:1   | Received a gift from Trog
 13695 | Lair:1   | 13695 ||| SWAPPING to +5 vorpal broad axe.
 13696 | Lair:1   | 13696 ||| DROPPING +3 vorpal war axe.
 13772 | Lair:1   | 13772 ||| Stepping ~*~*~tactically~*~*~ (stealth).
 13776 | Lair:1   | 13776 ||| INVOKING Berserk.
 13920 | Lair:1   | Reached skill level 9 in Armour
 13933 | Lair:1   | 13933 ||| READING scroll of enchant weapon.
 13933 | Lair:1   | 13933 ||| ENCHANTING +5 vorpal broad axe.
 14320 | Lair:1   | Noticed an ice dragon
 14321 | Lair:1   | 14321 ||| INVOKING Brothers in Arms.
 14324 | Lair:1   | 14324 ||| INVOKING Berserk.
 14331 | Lair:1   | Killed an ice dragon
 14863 | Lair:1   | 14863 ||| READING scroll labelled CISISIFR RIPP.
 14864 | Lair:1   | 14864 ||| READING scroll labelled PEEDEP QOHEU.
 14864 | Lair:1   | Identified a scroll of acquirement
 14864 | Lair:1   | 14864 ||| ACQUIRING quicksilver dragon scales of Focus
                  | {Will+ rCorr}
 14864 | Lair:1   | Acquired the quicksilver dragon scales of Focus {Will+
                  | rCorr}
 14866 | Lair:1   | 14866 ||| UPGRADING to quicksilver dragon scales of Focus
                  | {Will+ rCorr}.
 14910 | Lair:2   | 14910 ||| STAIRDANCE
 14916 | Lair:2   | 14916 ||| STAIRDANCE
 15041 | Lair:2   | Noticed a death yak
 15041 | Lair:2   | Noticed a death yak
 15042 | Lair:2   | Noticed a death yak
 15045 | Lair:2   | 15045 ||| INVOKING Berserk.
 15051 | Lair:2   | Killed a death yak
 15051 | Lair:2   | Killed a death yak
 15057 | Lair:2   | Killed a death yak
 15231 | Lair:2   | Found a hole to the Spider Nest.
 15311 | Lair:2   | 15311 ||| READING scroll of enchant weapon.
 15311 | Lair:2   | 15311 ||| ENCHANTING +6 vorpal broad axe.
 15414 | Lair:2   | Noticed a five-headed hydra
 15415 | Lair:2   | 15415 ||| INVOKING Brothers in Arms.
 15416 | Lair:2   | 15416 ||| SWAPPING to +0 morningstar.
 15417 | Lair:2   | 15417 ||| INVOKING Berserk.
 15420 | Lair:2   | Killed a five-headed hydra
 15427 | Lair:2   | 15427 ||| SWAPPING to +7 vorpal broad axe.
 15498 | Lair:2   | 15498 ||| INVOKING Berserk.
 15733 | Lair:2   | Reached skill level 13 in Axes
 15766 | Lair:2   | Found a staircase to the Shoals.
 15881 | Lair:2   | Reached XP level 13. HP: 82/82 MP: 13/13
 15894 | Lair:2   | 15894 ||| INVOKING Berserk.
 16244 | Lair:2   | 16244 ||| DROPPING amulet of magic regeneration.
 16245 | Lair:2   | 16245 ||| READING 2 scrolls labelled GYUGGA HIMOU.
 16246 | Lair:2   | 16246 ||| DROPPING scroll of vulnerability.
 16341 | Lair:3   | 16341 ||| INVOKING Berserk.
 16352 | Lair:3   | 16352 ||| STAIRDANCE
 16502 | Lair:3   | Identified the +5 ring mail of Muimpo {Dex+2}
 16562 | Lair:3   | 16562 ||| INVOKING Berserk.
 16573 | Lair:3   | Reached skill level 14 in Axes
 16579 | Lair:3   | 16579 ||| FLEEEEING.
 16581 | Lair:3   | 16581 ||| FLEEEEING.
 16582 | Lair:3   | 16582 ||| FLEEEEING.
 16584 | Lair:3   | 16584 ||| STAIRDANCE
 16808 | Lair:3   | 16808 ||| Stepping ~*~*~tactically~*~*~ (stealth).
 16989 | Lair:3   | 16989 ||| INVOKING Brothers in Arms.
 16990 | Lair:3   | 16990 ||| INVOKING Brothers in Arms.
 16991 | Lair:3   | 16991 ||| INVOKING Brothers in Arms.
 16993 | Lair:3   | 16993 ||| SWAPPING to +0 morningstar.
 16994 | Lair:3   | 16994 ||| INVOKING Berserk.
 17004 | Lair:3   | 17004 ||| SWAPPING to +7 vorpal broad axe.
 17293 | Lair:4   | 17293 ||| PLANNING GAUNTLET
 17404 | Lair:4   | 17404 ||| READING scroll of enchant weapon.
 17404 | Lair:4   | 17404 ||| ENCHANTING +7 vorpal broad axe.
 17444 | Lair:4   | Noticed Rupert
 17445 | Lair:4   | 17445 ||| INVOKING Trog's Hand.
 17448 | Lair:4   | 17448 ||| Stepping ~*~*~tactically~*~*~ (stealth).
 17450 | Lair:4   | 17450 ||| INVOKING Berserk.
 17462 | Lair:4   | Killed Rupert
 17600 | Lair:4   | 17600 ||| Stepping ~*~*~tactically~*~*~ (stealth).
 17601 | Lair:4   | 17601 ||| INVOKING Berserk.
 17668 | Lair:4   | 17668 ||| INVOKING Berserk.
 17672 | Lair:4   | Reached skill level 12 in Shields
 17686 | Lair:4   | 17686 ||| RIP GAUNTLET
 17689 | Lair:4   | 17689 ||| PLANNING LAIR
 17936 | Lair:4   | 17936 ||| Stepping ~*~*~tactically~*~*~ (stealth).
 17938 | Lair:4   | 17938 ||| INVOKING Berserk.
 18470 | Lair:5   | Entered Level 5 of the Lair of Beasts
 18475 | Lair:5   | 18475 ||| SWAPPING to +0 morningstar.
 18477 | Lair:5   | 18477 ||| INVOKING Berserk.
 18502 | Lair:5   | 18502 ||| SWAPPING to +8 vorpal broad axe.
 18646 | Lair:5   | 18646 ||| INVOKING Berserk.
 18764 | Lair:5   | 18764 ||| INVOKING Berserk.
 18854 | Lair:5   | 18854 ||| Stepping ~*~*~tactically~*~*~ (hiding).
 18857 | Lair:5   | 18857 ||| SWAPPING to +0 morningstar.
 18858 | Lair:5   | 18858 ||| INVOKING Berserk.
 18886 | Lair:5   | 18886 ||| SWAPPING to +8 vorpal broad axe.
 18985 | Lair:5   | 18985 ||| INVOKING Berserk.
 19004 | Lair:5   | Gained mutation: Your large and strong wings let you fly.
                  | [Gargoyle growth]
 19004 | Lair:5   | Reached XP level 14. HP: 90/90 MP: 11/14
 19007 | Lair:5   | Reached skill level 15 in Axes
 19203 | Lair:5   | 19203 ||| SWAPPING to +0 morningstar.
 19204 | Lair:5   | 19204 ||| INVOKING Berserk.
 19222 | Lair:5   | 19222 ||| SWAPPING to +8 vorpal broad axe.
 19361 | Lair:5   | Found a viscous altar of Jiyva.
 19361 | Lair:5   | Found a staircase to the Slime Pits.
 19451 | Lair:5   | 19451 ||| Stepping ~*~*~tactically~*~*~ (stealth).
 19459 | Lair:5   | 19459 ||| INVOKING Berserk.
 19463 | Lair:5   | Reached skill level 12 in Fighting
 19601 | Lair:5   | 19601 ||| FLEEEEING.
 19605 | Lair:5   | 19605 ||| Stepping ~*~*~tactically~*~*~ (stealth).
 19612 | Lair:5   | 19612 ||| INVOKING Berserk.
 19622 | Lair:5   | 19622 ||| Stepping ~*~*~tactically~*~*~ (stealth).
 19623 | Lair:5   | 19623 ||| Stepping ~*~*~tactically~*~*~ (stealth).
 19774 | Lair:5   | 19774 ||| INVOKING Berserk.
 19884 | Lair:5   | 19884 ||| FLEEEEING.
 19885 | Lair:5   | 19885 ||| FLEEEEING.
 19886 | Lair:5   | 19886 ||| FLEEEEING.
 19887 | Lair:5   | 19887 ||| FLEEEEING.
 19888 | Lair:5   | 19888 ||| FLEEEEING.
 19890 | Lair:5   | 19890 ||| FLEEEEING.
 19891 | Lair:5   | 19891 ||| FLEEEEING.
 19892 | Lair:5   | 19892 ||| Stepping ~*~*~tactically~*~*~ (stealth).
 19899 | Lair:5   | 19899 ||| INVOKING Berserk.
 19943 | Lair:5   | 19943 ||| FLEEEEING.
 20035 | Lair:5   | 20035 ||| Stepping ~*~*~tactically~*~*~ (stealth).
 20043 | Lair:5   | 20043 ||| INVOKING Berserk.
 20584 | Lair:5   | Identified the +2 pair of boots of the Moon {-Tele Fly
                  | Regen+ SInv}
 20627 | Lair:5   | 20627 ||| PLANNING D:1-11
 20627 | Lair:5   | 20627 ||| READING scroll labelled RUEHANLISSY.
 20736 | D:11     | Found a runed translucent gate.
 20736 | D:11     | Found a runed translucent gate.
 20736 | D:11     | Found a runed translucent gate.
 20757 | D:11     | Reached skill level 16 in Axes
 21183 | D:11     | 21183 ||| READING scroll of enchant armour.
 21183 | D:11     | 21183 ||| ENCHANTING +0 pair of gloves.
 21416 | D:11     | 21416 ||| PLANNING D
 21416 | D:11     | 21416 ||| UPGRADING to +6 ring of strength.
 21418 | D:11     | 21418 ||| DROPPING +6 ring of dexterity.
 21453 | D:12     | 21453 ||| Stepping ~*~*~tactically~*~*~ (stealth).
 21455 | D:12     | 21455 ||| Stepping ~*~*~tactically~*~*~ (stealth).
 21456 | D:12     | 21456 ||| Stepping ~*~*~tactically~*~*~ (stealth).
 21457 | D:12     | 21457 ||| Stepping ~*~*~tactically~*~*~ (stealth).
 21508 | D:12     | 21508 ||| Stepping ~*~*~tactically~*~*~ (hiding).
 21669 | D:12     | 21669 ||| Stepping ~*~*~tactically~*~*~ (stealth).
 21780 | D:12     | 21780 ||| INVOKING Brothers in Arms.
 21782 | D:12     | 21782 ||| INVOKING Berserk.
 21785 | D:12     | Reached skill level 3 in Throwing
 22400 | D:12     | 22400 ||| FLEEEEING.
 22401 | D:12     | 22401 ||| STAIRDANCE
 22826 | D:13     | Noticed Maurice
 22827 | D:13     | 22827 ||| Stepping ~*~*~tactically~*~*~ (hiding).
 22837 | D:13     | Killed Maurice
 22940 | D:13     | 22940 ||| FLEEEEING.
 22941 | D:13     | 22941 ||| FLEEEEING.
 22942 | D:13     | 22942 ||| FLEEEEING.
 22943 | D:13     | 22943 ||| FLEEEEING.
 22957 | D:13     | 22957 ||| FLEEEEING.
 23016 | D:13     | 23016 ||| Stepping ~*~*~tactically~*~*~ (hiding).
 23051 | D:13     | 23051 ||| Stepping ~*~*~tactically~*~*~ (stealth).
 23092 | D:13     | Found Resoc's Antique Armour Shop.
 23287 | D:13     | Noticed Nessos
 23288 | D:13     | 23288 ||| Stepping ~*~*~tactically~*~*~ (hiding).
 23290 | D:13     | 23290 ||| INVOKING Brothers in Arms.
 23291 | D:13     | 23291 ||| INVOKING Brothers in Arms.
 23304 | D:13     | Killed Nessos
 23511 | D:13     | Reached XP level 15. HP: 77/96 MP: 11/15
 23952 | D:13     | 23952 ||| Stepping ~*~*~tactically~*~*~ (stealth).
 24223 | D:13     | 24223 ||| Stepping ~*~*~tactically~*~*~ (hiding).
 24436 | D:14     | 24436 ||| Stepping ~*~*~tactically~*~*~ (hiding).
 24439 | D:14     | 24439 ||| Stepping ~*~*~tactically~*~*~ (hiding).
 24524 | D:14     | 24524 ||| Stepping ~*~*~tactically~*~*~ (hiding).
 24659 | D:14     | Noticed Josephine
 24660 | D:14     | 24660 ||| Stepping ~*~*~tactically~*~*~ (stealth).
 24663 | D:14     | 24663 ||| Stepping ~*~*~tactically~*~*~ (hiding).
 24670 | D:14     | 24670 ||| Stepping ~*~*~tactically~*~*~ (hiding).
 24671 | D:14     | Noticed Frances
 24672 | D:14     | 24672 ||| INVOKING Brothers in Arms.
 24675 | D:14     | Killed Josephine
 24679 | D:14     | 24679 ||| INVOKING Berserk.
 24685 | D:14     | Killed Frances
 24686 | D:14     | Reached skill level 17 in Axes
 24708 | D:14     | 24708 ||| INVOKING Brothers in Arms.
 24710 | D:14     | 24710 ||| SWAPPING to +0 morningstar.
 24713 | D:14     | 24713 ||| SWAPPING to +8 vorpal broad axe.
 24751 | D:14     | 24751 ||| FLEEEEING.
 24752 | D:14     | 24752 ||| FLEEEEING.
 24753 | D:14     | 24753 ||| FLEEEEING.
 24754 | D:14     | 24754 ||| FLEEEEING.
 24755 | D:14     | 24755 ||| FLEEEEING.
 24756 | D:14     | 24756 ||| FLEEEEING.
 24757 | D:14     | 24757 ||| FLEEEEING.
 24758 | D:14     | 24758 ||| FLEEEEING.
 24759 | D:14     | 24759 ||| FLEEEEING.
 24760 | D:14     | 24760 ||| FLEEEEING.
 24854 | D:14     | 24854 ||| Stepping ~*~*~tactically~*~*~ (stealth).
 24887 | D:14     | 24887 ||| INVOKING Berserk.
 24948 | D:14     | 24948 ||| INVOKING Berserk.
 24974 | D:14     | 24974 ||| INVOKING Brothers in Arms.
 25152 | D:14     | Found a gate to the Vaults.
 25153 | D:14     | 25153 ||| INVOKING Trog's Hand.
 25338 | D:14     | 25338 ||| Stepping ~*~*~tactically~*~*~ (stealth).
 25345 | D:14     | 25345 ||| Stepping ~*~*~tactically~*~*~ (stealth).
 25468 | D:14     | Noticed Laowois's ghost (journeyman MiBe)
 25592 | D:14     | Found a transporter.
 25594 | D:14     | Found a transporter.
 25766 | D:14     | 25766 ||| READING 15 scrolls of identify.
 25766 | D:14     | 25766 ||| IDENTIFYING lumpy clear potion
 25767 | D:14     | 25767 ||| DROPPING potion of invisibility.
 25791 | D:15     | Entered Level 15 of the Dungeon
 25820 | D:15     | 25820 ||| INVOKING Berserk.
 25823 | D:15     | Found a staircase to the Depths.
 25831 | D:15     | 25831 ||| FLEEEEING.
 25832 | D:15     | 25832 ||| FLEEEEING.
 25833 | D:15     | 25833 ||| FLEEEEING.
 25834 | D:15     | 25834 ||| FLEEEEING.
 25835 | D:15     | 25835 ||| STAIRDANCE
 25943 | D:15     | 25943 ||| STAIRDANCE
 26093 | D:15     | 26093 ||| Stepping ~*~*~tactically~*~*~ (stealth).
 26094 | D:15     | 26094 ||| Stepping ~*~*~tactically~*~*~ (hiding).
 26097 | D:15     | 26097 ||| INVOKING Trog's Hand.
 26098 | D:15     | 26098 ||| Stepping ~*~*~tactically~*~*~ (stealth).
 26107 | D:15     | 26107 ||| Stepping ~*~*~tactically~*~*~ (hiding).
 26108 | D:15     | 26108 ||| Stepping ~*~*~tactically~*~*~ (hiding).
 26113 | D:15     | 26113 ||| Stepping ~*~*~tactically~*~*~ (hiding).
 26116 | D:15     | 26116 ||| INVOKING Berserk.
 26119 | D:15     | Reached skill level 18 in Axes
 26335 | D:15     | 26335 ||| Stepping ~*~*~tactically~*~*~ (hiding).
 26556 | D:15     | 26556 ||| Stepping ~*~*~tactically~*~*~ (stealth).
 26564 | D:15     | Identified the +3 war axe of the Fray {vorpal, Dex+3} (Trog
                  | gifted it to you on level 15 of the Dungeon)
 26564 | D:15     | Received a gift from Trog
 26815 | D:15     | 26815 ||| READING scroll of enchant weapon.
 26815 | D:15     | 26815 ||| ENCHANTING +8 vorpal broad axe.
 27085 | D:15     | Found a runed translucent door.
 27086 | D:15     | Noticed Mic Tada's ghost (journeyman MiFi)
 27236 | D:15     | 27236 ||| PLANNING ORC
 27401 | Orc:1    | Entered Level 1 of the Orcish Mines
 27485 | Orc:1    | 27485 ||| Stepping ~*~*~tactically~*~*~ (stealth).
 27506 | Orc:1    | 27506 ||| INVOKING Berserk.
 27538 | Orc:1    | 27538 ||| INVOKING Brothers in Arms.
 27542 | Orc:1    | Reached XP level 16. HP: 46/104 MP: 8/16
 27564 | Orc:1    | Identified the +7 scimitar of the Eel {spect, Will+ Int+6
                  | Stlth-}
 27568 | Orc:1    | 27568 ||| INVOKING Trog's Hand.
 27584 | Orc:1    | 27584 ||| INVOKING Berserk.
 27958 | Orc:1    | 27958 ||| Stepping ~*~*~tactically~*~*~ (hiding).
 27959 | Orc:1    | 27959 ||| Stepping ~*~*~tactically~*~*~ (hiding).
 27967 | Orc:1    | 27967 ||| Stepping ~*~*~tactically~*~*~ (hiding).
 27968 | Orc:1    | 27968 ||| Stepping ~*~*~tactically~*~*~ (hiding).
 28217 | Orc:2    | Entered Level 2 of the Orcish Mines
 28246 | Orc:2    | 28246 ||| STAIRDANCE
 28251 | Orc:2    | 28251 ||| STAIRDANCE
 28277 | Orc:2    | Found a staircase to the Elven Halls.
 28287 | Orc:2    | 28287 ||| Stepping ~*~*~tactically~*~*~ (stealth).
 28395 | Orc:2    | 28395 ||| Stepping ~*~*~tactically~*~*~ (hiding).
 28548 | Orc:2    | Found a runed translucent gate.
 28548 | Orc:2    | Found a runed translucent gate.
 28548 | Orc:2    | Found a runed translucent gate.
 28549 | Orc:2    | Noticed qw's ghost (journeyman GrBe)
 28624 | Orc:2    | 28624 ||| Stepping ~*~*~tactically~*~*~ (hiding).
 28625 | Orc:2    | 28625 ||| FLEEEEING.
 28626 | Orc:2    | 28626 ||| FLEEEEING.
 28627 | Orc:2    | 28627 ||| FLEEEEING.
 28628 | Orc:2    | 28628 ||| FLEEEEING.
 28630 | Orc:2    | 28630 ||| FLEEEEING.
 28631 | Orc:2    | 28631 ||| FLEEEEING.
 28632 | Orc:2    | 28632 ||| FLEEEEING.
 28633 | Orc:2    | 28633 ||| FLEEEEING.
 28634 | Orc:2    | 28634 ||| FLEEEEING.
 28635 | Orc:2    | 28635 ||| FLEEEEING.
 28636 | Orc:2    | 28636 ||| FLEEEEING.
 28637 | Orc:2    | 28637 ||| FLEEEEING.
 28638 | Orc:2    | 28638 ||| FLEEEEING.
 28641 | Orc:2    | 28641 ||| FLEEEEING.
 28642 | Orc:2    | 28642 ||| FLEEEEING.
 28643 | Orc:2    | 28643 ||| FLEEEEING.
 28644 | Orc:2    | 28644 ||| FLEEEEING.
 28645 | Orc:2    | 28645 ||| FLEEEEING.
 28646 | Orc:2    | 28646 ||| FLEEEEING.
 28647 | Orc:2    | 28647 ||| FLEEEEING.
 28648 | Orc:2    | 28648 ||| FLEEEEING.
 28649 | Orc:2    | 28649 ||| FLEEEEING.
 28650 | Orc:2    | 28650 ||| Stepping ~*~*~tactically~*~*~ (hiding).
 28675 | Orc:2    | 28675 ||| FLEEEEING.
 28676 | Orc:2    | 28676 ||| FLEEEEING.
 28677 | Orc:2    | 28677 ||| FLEEEEING.
 28714 | Orc:2    | 28714 ||| INVOKING Berserk.
 28732 | Orc:2    | 28732 ||| Stepping ~*~*~tactically~*~*~ (hiding).
 28743 | Orc:2    | 28743 ||| INVOKING Brothers in Arms.
 28750 | Orc:2    | 28750 ||| INVOKING Brothers in Arms.
 28761 | Orc:2    | 28761 ||| INVOKING Brothers in Arms.
 28765 | Orc:2    | HP: 26/105 [orc warrior/+0 long sword (7)]
 28766 | Orc:2    | 28766 ||| READING 10 scrolls of teleportation.
 28766 | Orc:2    | HP: 8/105 [orc warrior/+0 long sword (18)]
 28767 | Orc:2    | 28767 ||| DRINKING 5 potions of heal wounds.
 29017 | Orc:2    | 29017 ||| Stepping ~*~*~tactically~*~*~ (stealth).
 29030 | Orc:2    | 29030 ||| Stepping ~*~*~tactically~*~*~ (hiding).
 29033 | Orc:2    | 29033 ||| INVOKING Berserk.
 29075 | Orc:2    | HP: 25/106 [orc warrior/+0 glaive (7)]
 29076 | Orc:2    | 29076 ||| READING 9 scrolls of teleportation.
 29077 | Orc:2    | 29077 ||| DRINKING 4 potions of heal wounds.
 29080 | Orc:2    | 29080 ||| INVOKING Berserk.
 29334 | Orc:2    | 29334 ||| INVOKING Berserk.
 29380 | Orc:2    | 29380 ||| FLEEEEING.
 29381 | Orc:2    | 29381 ||| FLEEEEING.
 29382 | Orc:2    | 29382 ||| FLEEEEING.
 29383 | Orc:2    | 29383 ||| FLEEEEING.
 29384 | Orc:2    | 29384 ||| FLEEEEING.
 29420 | Orc:2    | 29420 ||| Stepping ~*~*~tactically~*~*~ (stealth).
 29471 | Orc:2    | 29471 ||| Stepping ~*~*~tactically~*~*~ (hiding).
 29472 | Orc:2    | 29472 ||| Stepping ~*~*~tactically~*~*~ (hiding).
 29473 | Orc:2    | 29473 ||| Stepping ~*~*~tactically~*~*~ (hiding).
 29474 | Orc:2    | 29474 ||| Stepping ~*~*~tactically~*~*~ (hiding).
 29521 | Orc:2    | Found Cyonum's General Store.
 29525 | Orc:2    | Found Tauset's Specific Store.
 29530 | Orc:2    | 29530 ||| BUYING scroll of enchant armour (75 gold).
 29530 | Orc:2    | Bought a scroll of enchant armour for 75 gold pieces
 29530 | Orc:2    | 29530 ||| READING scroll of enchant armour.
 29530 | Orc:2    | 29530 ||| ENCHANTING +1 pair of gloves.
 29579 | Orc:2    | 29579 ||| Stepping ~*~*~tactically~*~*~ (hiding).
 29580 | Orc:2    | 29580 ||| Stepping ~*~*~tactically~*~*~ (hiding).
 29601 | Orc:2    | 29601 ||| Stepping ~*~*~tactically~*~*~ (stealth).
 29605 | Orc:2    | 29605 ||| INVOKING Berserk.
 29681 | Orc:2    | Found Xook's Distillery.
 29683 | Orc:2    | Found Pyeqaps's Antique Weapon Emporium.
 29686 | Orc:2    | Found Jugiyg's Antique Armour Shoppe.
 29687 | Orc:2    | Found Vyqehoer's General Store.
 29692 | Orc:2    | 29692 ||| BUYING potion of cancellation (112 gold).
 29692 | Orc:2    | Bought a potion of cancellation for 112 gold pieces
 29692 | Orc:2    | 29692 ||| BUYING potion of haste (140 gold).
 29692 | Orc:2    | Bought a potion of haste for 140 gold pieces
 29692 | Orc:2    | 29692 ||| BUYING potion of haste (140 gold).
 29692 | Orc:2    | Bought a potion of haste for 140 gold pieces
 29692 | Orc:2    | 29692 ||| BUYING potion of might (56 gold).
 29692 | Orc:2    | Bought a potion of might for 56 gold pieces
 29692 | Orc:2    | 29692 ||| BUYING potion of resistance (140 gold).
 29692 | Orc:2    | Bought a potion of resistance for 140 gold pieces
 29695 | Orc:2    | 29695 ||| BUYING embroidered scarf (184 gold).
 29695 | Orc:2    | Bought an embroidered scarf for 184 gold pieces
 29695 | Orc:2    | 29695 ||| BUYING pair of transparent boots (218 gold).
 29695 | Orc:2    | Bought a pair of transparent boots for 218 gold pieces
 29695 | Orc:2    | Identified the +0 pair of boots of Rogogija {Will+ Str+4}
                  | (You bought it in a shop on level 2 of the Orcish Mines)
 29696 | Orc:2    | 29696 ||| BUYING scroll of enchant weapon (112 gold).
 29696 | Orc:2    | Bought a scroll of enchant weapon for 112 gold pieces
 29893 | Orc:2    | 29893 ||| INVOKING Berserk.
 30094 | Orc:2    | 30094 ||| DROPPING +0 plate armour.
 30095 | Orc:2    | 30095 ||| DROPPING +0 ice dragon scales.
 30096 | Orc:2    | 30096 ||| UPGRADING to +2 plate armour of fire resistance.
 30106 | Orc:2    | 30106 ||| DROPPING quicksilver dragon scales of Focus
                  | {Will+ rCorr}.
 30107 | Orc:2    | 30107 ||| DROPPING scarf of shadows.
 30108 | Orc:2    | 30108 ||| UPGRADING to +0 pair of boots of Rogogija {Will+
                  | Str+4}.
 30118 | Orc:2    | 30118 ||| DROPPING +0 pair of boots.
 30259 | Orc:1    | 30259 ||| PLANNING SPIDER:1-3
 30364 | Spider:1 | Entered Level 1 of the Spider Nest
 30427 | Spider:1 | 30427 ||| Stepping ~*~*~tactically~*~*~ (stealth).
 30564 | Spider:1 | 30564 ||| Stepping ~*~*~tactically~*~*~ (stealth).
 30659 | Spider:1 | 30659 ||| Stepping ~*~*~tactically~*~*~ (stealth).
 30660 | Spider:1 | 30660 ||| Stepping ~*~*~tactically~*~*~ (stealth).
 30661 | Spider:1 | 30661 ||| Stepping ~*~*~tactically~*~*~ (stealth).
 30662 | Spider:1 | 30662 ||| Stepping ~*~*~tactically~*~*~ (stealth).
 30663 | Spider:1 | 30663 ||| Stepping ~*~*~tactically~*~*~ (stealth).
 30737 | Spider:1 | 30737 ||| Stepping ~*~*~tactically~*~*~ (stealth).
 30738 | Spider:1 | 30738 ||| Stepping ~*~*~tactically~*~*~ (stealth).
 30785 | Spider:1 | 30785 ||| INVOKING Berserk.
 30796 | Spider:1 | 30796 ||| INVOKING Brothers in Arms.
 30799 | Spider:1 | 30799 ||| DRINKING 3 potions of cancellation.
 30934 | Spider:1 | Reached skill level 12 in Armour
 31081 | Spider:1 | 31081 ||| INVOKING Berserk.
 31220 | Spider:1 | 31220 ||| Stepping ~*~*~tactically~*~*~ (stealth).
 31221 | Spider:1 | 31221 ||| Stepping ~*~*~tactically~*~*~ (stealth).
 31226 | Spider:1 | 31226 ||| Stepping ~*~*~tactically~*~*~ (stealth).
 31227 | Spider:1 | 31227 ||| INVOKING Brothers in Arms.
 31347 | Spider:1 | 31347 ||| INVOKING Berserk.
 31637 | Spider:1 | 31637 ||| UPGRADING to +0 tower shield.
 31647 | Spider:1 | 31647 ||| DROPPING +2 pair of gloves.
 31648 | Spider:1 | 31648 ||| DROPPING +0 kite shield.
 31788 | Spider:2 | 31788 ||| Stepping ~*~*~tactically~*~*~ (hiding).
 31790 | Spider:2 | 31790 ||| Stepping ~*~*~tactically~*~*~ (hiding).
 31791 | Spider:2 | 31791 ||| INVOKING Brothers in Arms.
 32372 | Spider:2 | 32372 ||| Stepping ~*~*~tactically~*~*~ (stealth).
 32377 | Spider:2 | 32377 ||| DRINKING 2 potions of cancellation.
 32503 | Spider:2 | 32503 ||| Stepping ~*~*~tactically~*~*~ (hiding).
 32505 | Spider:2 | 32505 ||| INVOKING Brothers in Arms.
 32507 | Spider:2 | Noticed Asterion
 32513 | Spider:2 | 32513 ||| INVOKING Brothers in Arms.
 32514 | Spider:2 | 32514 ||| INVOKING Berserk.
 32526 | Spider:2 | Killed Asterion
 32527 | Spider:2 | Reached skill level 15 in Shields
 32866 | Spider:2 | 32866 ||| DROPPING +0 morningstar of distortion.
 32959 | Spider:2 | 32959 ||| DROPPING ring of magical power.
 33033 | Spider:3 | 33033 ||| FLEEEEING.
 33034 | Spider:3 | 33034 ||| STAIRDANCE
 33131 | Spider:3 | 33131 ||| STAIRDANCE
 33137 | Spider:3 | 33137 ||| STAIRDANCE
 33142 | Spider:3 | 33142 ||| STAIRDANCE
 33159 | Spider:3 | 33159 ||| STAIRDANCE
 33166 | Spider:3 | 33166 ||| INVOKING Berserk.
 33192 | Spider:3 | 33192 ||| STAIRDANCE
 33320 | Spider:3 | Reached XP level 17. HP: 102/111 MP: 15/17
 33330 | Spider:3 | 33330 ||| INVOKING Brothers in Arms.
 33331 | Spider:3 | 33331 ||| INVOKING Brothers in Arms.
 33332 | Spider:3 | 33332 ||| INVOKING Brothers in Arms.
 33338 | Spider:3 | 33338 ||| INVOKING Brothers in Arms.
 33339 | Spider:3 | 33339 ||| INVOKING Brothers in Arms.
 33340 | Spider:3 | 33340 ||| INVOKING Brothers in Arms.
 33341 | Spider:3 | 33341 ||| INVOKING Brothers in Arms.
 33342 | Spider:3 | 33342 ||| INVOKING Berserk.
 33342 | Spider:3 | HP: 37/166 [demonic crawler (9)]
 33346 | Spider:3 | HP: 12/166 [redback simulacrum (21)]
 33352 | Spider:3 | HP: 3/166 [barbs]
 33353 | Spider:3 | Succumbed to barbed spike wounds

Levels and vault maps discovered:
D:1:      minmay_arrival_four_houses, layout_basic,
          chequers_ecumenical_altar_simple
D:2:      layout_basic, minmay_heptomino_l4
D:3:      layout_loops_ring, gammafunk_ghost_split, uniq_crazy_yiuf_cottage,
          uniq_grinder, uniq_terence
D:4:      layout_loops_cross, kennysheep_mini
D:5:      layout_gridville, portal_sewer_entry_f,
          hangedman_abyss_or_decor_passed, water_maze_lemuel,
          uniq_prince_ribbit1
D:6:      layout_basic, nzn_overflow_gifts_of_might_and_magic,
          minmay_temple_entry_glassed_door
D:7:      minmay_klotski, layout_basic, minitemple, serial_shops, shop,
          solitary_fountain, kb_lookout_dungeons_type
D:8:      layout_loops_corners
D:9:      layout_irregular_city, amcnicky_altar_gilded, enter_bailey_3,
          hangedman_decor_riveting, chequers_serial_rivers_small_b,
          kennysheep_generic_room_15
D:10:     layout_rooms, nicolae_dithmenos_through_a_glass_darkly,
          mainiacjoe_overflow_alcove_1, nicolae_hepliaklqana_monster_ancestors,
          lemuel_mausoleum_altar_yredelemnul, demons_altar, dpeg_lair_monsters,
          serial_rivers, chequers_serial_rivers_large_b,
          chequers_serial_rivers_marsh, chequers_serial_rivers_marsh,
          chequers_serial_rivers_small_a, chequers_serial_rivers_marsh,
          minmay_fractal_squares_gapless_5
D:11:     layout_cave_pools, ploomutoo_gammafunk_ghost_potion_laboratory
D:12:     layout_loops_corners
D:13:     layout_basic, serial_shops, nicolae_shop_statue_plus, uniq_nessos,
          uniq_maurice
D:14:     layout_cave_pools, grunt_vaults_entry_tiered,
          gammafunk_ghost_mausoleum, solitary_fountain,
          portal_ice_cave_entry_pillars_three, serial_bayou,
          serial_bayou_lake_a, serial_bayou_lagoon_a, serial_bayou_ford_a,
          serial_bayou_pond_d, serial_bayou_pond_b, uniq_frances, uniq_josephine
D:15:     gammafunk_depths_entry_grave, layout_stronghold,
          minmay_misc_feat_ornament, gammafunk_ghost_grave
Lair:1:   dragon1_lemuel, layout_cave_pods, minmay_hedge_maze,
          grunt_megastairs_5
Lair:2:   hellmonk_destroyed_diamonds, layout_cave_pods, shoals_dummy_entry,
          dummy_spider_entry, roderic_carrion_pond
Lair:3:   layout_gridlike
Lair:4:   layout_roguey, gauntlet_entry_generic,
          grunt_forest_small_clearing_treed, uniq_rupert
Lair:5:   minmay_lair_end_enchanted_forest, layout_concentric_octagons,
          slime_entry_1, evilmike_ambush [evilmike_ambush_outer_basic,
          evilmike_ambush_inner_pond], serial_bayou_shore_a, lemuel_fruit_tree
Spider:1: layout_spider_delve, hellmonk_spider_spawner
Spider:2: layout_cave_pods, nicolae_spider_cling_halls, uniq_asterion
Spider:3: layout_cave_pods, nicolae_spider_undead_wolf_pack
Orc:1:    layout_caves, elf_legates
Orc:2:    st_orc_pillars, layout_diamond_mine, gammafunk_ghost_necromancy,
          abandoned_shop, nicolae_specific_store

Skill      XL: |  1  2  3  4  5  6  7  8  9 10 11 12 13 14 15 16 17 |
---------------+----------------------------------------------------+-----
Axes           | 3 4 6 7 8 10 11 13 14 16 18 | 18.0
Fighting       | 4 5 6 7 9 10 11 12 13 14 | 14.0
Throwing       | 1 2 4 |  4.1
Armour         | 3 6 8 9 10 12 | 12.6
Dodging        | 2 4 5 |  5.0
Shields        | 10 11 12 13 15 16 | 16.3

Action                   |  1- 3 |  4- 6 |  7- 9 | 10-12 | 13-15 | 16-18 || total
-------------------------+-------+-------+-------+-------+-------+-------++-------
Melee: Hand axe          |   138 |   185 |     6 |       |       |       ||   329
       Punch             |     1 |     1 |     4 |     1 |       |       ||     7
       War axe           |       |       |   275 |   352 |       |       ||   627
       Broad axe         |       |       |       |   118 |   786 |   436 ||  1340
       Morningstar       |       |       |       |     3 |    40 |       ||    43
Throw: Javelin           |       |       |    11 |       |       |       ||    11
       Boomerang         |       |       |    42 |    82 |   182 |   101 ||   407
Invok: Berserk           |     3 |     6 |    14 |    15 |    26 |    13 ||    77
       Trog's Hand       |       |     4 |       |       |     3 |     1 ||     8
       Brothers in Arms  |       |       |       |     3 |     7 |    10 ||    20
  Use: Scroll            |     8 |     4 |     4 |    16 |     6 |     3 ||    41
       Potion            |     1 |       |     2 |     1 |       |     4 ||     8
 Stab: Distracted        |       |       |       |       |     1 |       ||     1
Armor: Animal skin       |    26 |       |       |       |       |       ||    26
       Chain mail        |    39 |   128 |    96 |       |       |       ||   263
       Plate armour      |       |       |    30 |   236 |       |   209 ||   475
       Quicksilver drago |       |       |       |    61 |   313 |    49 ||   423
Dodge: Dodged            |    78 |    47 |   155 |   246 |   372 |   201 ||  1099
       Repelled          |       |       |     2 |     5 |     6 |     2 ||    15
Block: Kite shield       |       |       |       |   231 |   427 |   155 ||   813
       Tower shield      |       |       |       |       |       |   209 ||   209

Table legend:
 A = Non-vault XP
 B = Vault XP
 C = Vault XP percentage of total XP
 D = Non-vault monster count
 E = Vault monster count
 F = Vault count percentage of total count
                 A         B        C        D         E       F
            +---------+---------+-------+---------+---------+-------
      Total |  122274 |   66032 |  35.1 |     596 |     261 |  30.5
            +---------+---------+-------+---------+---------+-------
        D:1 |      30 |       0 |   0.0 |      20 |       0 |   0.0
        D:2 |      39 |       2 |   4.9 |      14 |       1 |   6.7
        D:3 |      52 |     308 |  85.6 |      17 |       2 |  10.5
        D:4 |     295 |       0 |   0.0 |      32 |       0 |   0.0
        D:5 |     623 |     272 |  30.4 |      17 |       5 |  22.7
        D:6 |    1110 |     164 |  12.9 |      22 |       2 |   8.3
        D:7 |     941 |    4382 |  82.3 |      38 |      20 |  34.5
        D:8 |    1201 |       0 |   0.0 |      25 |       0 |   0.0
        D:9 |    2393 |     279 |  10.4 |      35 |       5 |  12.5
       D:10 |    2171 |    5534 |  71.8 |      15 |      28 |  65.1
       D:11 |    4167 |       0 |   0.0 |      13 |       0 |   0.0
       D:12 |    7198 |       0 |   0.0 |      26 |       0 |   0.0
       D:13 |    7707 |    1469 |  16.0 |      20 |       2 |   9.1
       D:14 |   11492 |   13560 |  54.1 |      25 |      37 |  59.7
       D:15 |    7197 |    3625 |  33.5 |      14 |       8 |  36.4
     Lair:1 |    2898 |    2290 |  44.1 |      20 |       8 |  28.6
     Lair:2 |    7880 |     522 |   6.2 |      25 |       6 |  19.4
     Lair:3 |    6978 |       0 |   0.0 |      24 |       0 |   0.0
     Lair:4 |    5249 |    1843 |  26.0 |      12 |       1 |   7.7
     Lair:5 |   12798 |    9556 |  42.7 |      40 |      48 |  54.5
   Spider:1 |   11641 |    1726 |  12.9 |      34 |       3 |   8.1
   Spider:2 |   12398 |    1793 |  12.6 |      26 |       1 |   3.7
   Spider:3 |   12195 |     908 |   6.9 |      35 |       2 |   5.4
      Orc:1 |    1683 |    6349 |  79.0 |      27 |      13 |  32.5
      Orc:2 |    1938 |   11450 |  85.5 |      20 |      69 |  77.5
            +---------+---------+-------+---------+---------+-------
